 Dungeon Crawl Stone Soup version 0.26.0-10-g1f06aea511 (webtiles) character file.

Game seed: 11737710520233436604

2547 nightchill the Cleaver (level 9, -7/81 HPs)
             Began as a Ghoul Gladiator on Feb 8, 2021.
             Was a Follower of Makhleb.
             Mangled by Joseph
             ... wielding a +4 quarterstaff
              (10 damage)
             ... on level 7 of the Dungeon.
             The game lasted 00:14:11 (7710 turns).

nightchill the Cleaver (Ghoul Gladiator)            Turns: 7710, Time: 00:14:11

Health: -7/81      AC: 11    Str: 18    XL:     9   Next: 56%
Magic:  10/10      EV:  7    Int:  6    God:    Makhleb [*.....]
Gold:   289        SH:  0    Dex: 10    Spells: 8/8 levels left

rFire    . . .     SeeInvis .   a - +0 war axe
rCold    + . .     Faith    .   (no shield)
rNeg     + + +     Spirit   .   r - +0 chain mail
rPois    ∞         Reflect  .   c - +0 helmet
rElec    .         Harm     .   A - +0 cloak
rCorr    .         Rampage  .   (no gloves)
Will     .....                  j - +0 pair of boots (curse)
Stlth    ..........             (no amulet)
HPRegen  0.00/turn              (no ring)
MPRegen  0.12/turn              (no ring)

@: mighty
A: claws 1, cold resistance 1, negative energy resistance 3, inhibited
regeneration, torment resistance, unbreathing
a: Renounce Religion


You were on level 7 of the Dungeon.
You worshipped Makhleb.
Makhleb was aware of your devotion.
You visited 2 branches of the dungeon, and saw 8 of its levels.

You collected 289 gold pieces.

Inventory:

Hand Weapons
 a - a +0 war axe (weapon)
 I - a +0 battleaxe
Missiles
 d - 3 throwing nets (quivered)
 n - 8 atropa-tipped darts
 o - 166 stones
Armour
 b - a +0 leather armour
 c - a +0 helmet (worn)
 j - a cursed +0 pair of boots (worn)
 r - a +0 chain mail (worn)
 A - a +0 cloak (worn)
Magical Staves
 L - an uncursed staff of cold {unknown}
Jewellery
 w - a cursed ring of attention {unknown}
 C - an uncursed ring of protection from cold
 M - a +6 ring of strength {unknown}
Wands
 G - a wand of paralysis (11)
 K - a wand of digging (3)
 O - a wand of polymorph (8)
Scrolls
 g - 3 scrolls of enchant armour {unknown}
 i - 2 scrolls of immolation {unknown}
 m - 4 scrolls of amnesia {unknown}
 p - 3 scrolls of remove curse {unknown}
 q - 4 scrolls of magic mapping {unknown}
 s - 2 scrolls of noise {unknown}
 t - a scroll of blinking {unknown}
 v - a scroll of enchant weapon {unknown}
 x - 5 scrolls of teleportation {unknown}
 y - 2 scrolls of fog {unknown}
 B - 6 scrolls of identify {unknown}
 F - a scroll of fear {unknown}
 J - a scroll of torment {unknown}
Potions
 e - 3 potions of curing
 f - 3 potions of brilliance {unknown}
 h - a potion of berserk rage {unknown}
 k - 3 potions of ambrosia {unknown}
 l - 4 potions of haste {unknown}
 u - 5 potions of heal wounds {unknown}
 z - a potion of attraction {unknown}
 D - 2 potions of flight {unknown}
 E - a potion of might
 H - a potion of lignification {unknown}
 N - a potion of degeneration {unknown}


   Skills:
 + Level 8.1 Fighting
 * Level 9.6 Axes
 - Level 1.7 Throwing
 - Level 2.6 Dodging
 + Level 2.7 Invocations


You had 8 spell levels left.
You didn't know any spells.
Your spell library was empty.

Dungeon Overview and Level Annotations

Branches:
Dungeon (7/15)             Temple (1/1) D:5

Altars:
Dithmenos
Elyvilon
Gozag
Hepliaklqana
Makhleb
Nemelex Xobeh
Uskayaw
Vehumet
Wu Jian

Shops:
D:6 ?   D:7 *

Annotations:
D:1 exclusion: downstairs
D:5 exclusion: downstairs
D:7 Joseph


Innate Abilities, Weirdness & Mutations

You thrive by killing the living.
You are immune to poison.
You have sharp fingernails.
Your flesh is cold resistant. (rC+)
You are immune to negative energy. (rN+++)
You do not regenerate when monsters are visible.
You are immune to unholy pain and torment.
You can survive without breathing.


Message History

Joseph is moderately wounded.
Joseph hits you with a +4 quarterstaff!
* * * LOW HITPOINT WARNING * * *
You slash Joseph!
Joseph is moderately wounded.
Joseph hits you with a +4 quarterstaff.
* * * LOW HITPOINT WARNING * * *
You slash Joseph!
Joseph is heavily wounded.
You closely miss Joseph.
Joseph is heavily wounded.
Joseph barely misses you.
You barely miss Joseph.
Joseph is heavily wounded.
Joseph hits you with a +4 quarterstaff.
* * * LOW HITPOINT WARNING * * *
You closely miss Joseph.
Joseph is heavily wounded.
Joseph hits you with a +4 quarterstaff!
You die...

#######......#
..............
######.#.#... #.#.#.##
#.#.#.## # #######.#.#..#
###.##########.......#[#⌠.⌠
@............#......##.#.∩.
...>.....@@(.........#.#⌠.⌠
....########(#.......# #.#.
. #.#.......# #...
#.#.......# #.##
#.#.#'#...# #.# #.#.#.##..#
#.## #.#.#+##..# #...
#.#.......#.####
#.#.......#.#


You could see Joseph.

Vanquished Creatures
  Grinder (D:4)
  A black bear (D:6)
  A sky beast (D:6)
  A necrophage (D:5)
  4 ogres
  2 centaurs
  3 bullfrogs
  2 scorpions
  5 wights
  A bullfrog zombie (D:6)
  4 hounds
  2 jellies
  A bullfrog skeleton (D:6)
  A centaur zombie (D:7)
  4 orc priests
  Terence (D:2)
  2 iguanas (D:4)
  6 orc wizards
  3 worker ants
  A worker ant zombie (D:5)
  13 adders
  7 gnolls
  A shadow imp (D:7)
  A white imp (D:5)
  An ufetubus (D:5)
  An adder zombie (D:4)
  6 worms
  A dart slug (D:3)
  3 leopard geckos
  29 orcs
  5 ball pythons
  11 bats
  9 giant cockroaches
  6 hobgoblins
  4 jackals (D:7)
  10 kobolds
  6 quokkas
  3 frilled lizards
  7 goblins
  A quokka skeleton (D:5)
  6 rats
177 creatures vanquished.

Vanquished Creatures (others)
  2 plants (D:3)
2 creatures vanquished.

Grand Total: 179 creatures vanquished

Notes
Turn   | Place    | Note
-------+----------+-------------------------------------------
     0 | D:1      | nightchill the Ghoul Gladiator began the quest for the Orb.
     0 | D:1      | Reached XP level 1. HP: 17/17 MP: 0/0
   237 | D:1      | Reached skill level 3 in Axes
   265 | D:1      | Reached XP level 2. HP: 17/25 MP: 1/1
   901 | D:2      | Reached XP level 3. HP: 26/30 MP: 2/2
  1328 | D:2      | Noticed Terence
  1340 | D:2      | Killed Terence
  1341 | D:2      | Reached XP level 4. HP: 35/38 MP: 3/3
  1407 | D:2      | Reached skill level 4 in Axes
  1856 | D:2      | Noticed an orc warrior
  2215 | D:3      | Reached XP level 5. HP: 28/45 MP: 4/4
  2386 | D:3      | Found a faded altar of an unknown god.
  3232 | D:3      | Reached skill level 5 in Axes
  3292 | D:3      | Found a shadowy altar of Dithmenos.
  3378 | D:3      | Reached XP level 6. HP: 49/52 MP: 5/5
  3516 | D:3      | You fall into a shaft and drop 3 floors!
  3703 | D:6      | Noticed a sky beast
  3734 | D:6      | Killed a sky beast
  3735 | D:6      | Reached XP level 7. HP: 54/60 MP: 6/6
  3743 | D:6      | Reached skill level 5 in Fighting
  3743 | D:6      | Reached skill level 6 in Axes
  4080 | D:6      | Reached skill level 7 in Axes
  4162 | D:6      | Reached XP level 8. HP: 70/70 MP: 7/7
  4169 | D:5      | Entered Level 5 of the Dungeon
  4438 | D:4      | Found a radiant altar of Vehumet.
  4439 | D:4      | Noticed Grinder
  4446 | D:4      | Paralysed by Grinder for 3 turns
  4452 | D:4      | Paralysed by Grinder for 4 turns
  4458 | D:4      | Paralysed by Grinder for 7 turns
  4465 | D:4      | Killed Grinder
  4466 | D:4      | Reached skill level 8 in Axes
  4963 | D:4      | Found a white marble altar of Elyvilon.
  4963 | D:4      | Found a hazy altar of Hepliaklqana.
  5170 | D:4      | Found an opulent altar of Gozag.
  6008 | D:5      | Reached XP level 9. HP: 74/79 MP: 8/8
  6242 | D:5      | Found a staircase to the Ecumenical Temple.
  6263 | Temple   | Entered the Ecumenical Temple
  6269 | Temple   | Became a worshipper of Makhleb the Destroyer
  6305 | D:5      | Reached skill level 9 in Axes
  6359 | D:5      | Found an ornate altar of the Wu Jian Council.
  6526 | D:5      | Reached skill level 1 in Invocations
  6675 | D:6      | Found Gimit's Magic Scroll Emporium.
  7340 | D:7      | Reached * piety under Makhleb
  7646 | D:7      | Found Umas's Assorted Antiques.
  7681 | D:7      | Noticed Joseph
  7709 | D:7      | HP: 3/81 [Joseph/+4 quarterstaff (3)]
  7710 | D:7      | Mangled by Joseph

Illustrated notes

Levels and vault maps discovered:
D:1:      dpeg_arrival_three_bigger_balls, layout_basic, st_stairs_10
D:2:      layout_loops_corners, minmay_divided_ellipse, uniq_terence
D:3:      layout_basic, chequers_ecumenical_altar_lobes,
          grunt_dithmenos_smoke_and_mirrors
D:4:      layout_basic, kennysheep_mini_moat, grunt_gozag_statues,
          gammafunk_temple_overflow_statue, kennysheep_path_1, uniq_grinder
D:5:      layout_rooms, pdpol_wu_jian_five_deadly_venoms,
          minmay_temple_entry_butterflies
D:6:      layout_rooms, serial_shops, shop, serial_curves, eino_curves_01,
          eino_curves_04
D:7:      layout_basic, serial_shops, shop_fountains, uniq_joseph
Temple:   eino_wide_crystal_templ

Skill      XL: |  1  2  3  4  5  6  7  8  9 |
---------------+----------------------------+-----
Axes           | 3 4 5 7 8 9 |  9.6
Fighting       | 3 4 5 7 8 |  8.1
Invocations    | 2 |  2.7
Throwing       | |  1.7
Dodging        | |  2.6

Action                   |  1- 3 |  4- 6 |  7- 9 || total
-------------------------+-------+-------+-------++-------
Melee: War axe           |    96 |   212 |   365 ||   673
  Use: Potion            |       |     1 |     3 ||     4
Armor: Leather armour    |    50 |       |       ||    50
       Chain mail        |       |   156 |   249 ||   405
Dodge: Dodged            |    70 |    92 |   141 ||   303
